Map: Scalo orbitale

Players

Mørtebianca

  • Race: Zerg Zerg
  • League: Diamond

Ginko

  • Race: Zerg Zerg
  • League: Platinum

Jhyrachy

  • Race: Protoss Protoss
  • League: Silver

Lihp

  • Race: Protoss Protoss

VOD

Have the link to the VOD?

Description

Time

  • Played on: Dec. 3, 2015, 5:35 p.m.
  • Length: 7:08
Show
View Real Time Build Order
Export as new Build Order

Mørtebianca Zerg 

Build Orders: 3 Hatch before Pool 

Get SALT Encoding   

  12  0:01  Drone  
  13  0:07  Drone  
  14  0:17  Overlord  
  14  0:35  Drone x3  
  17  0:53  Hatchery  
  17  0:56  Drone  
  17  1:07  Drone  
  18  1:21  Hatchery  
  17  1:39  Spawning Pool  
  16  1:41  Drone x2  
  16  1:43  Drone  
  19  1:52  Drone  
  20  1:58  Extractor  
  19  2:10  Drone x2  
  21  2:15  Drone  
  21  2:16  Drone  
  23  2:24  Overlord  
  23  2:38  Drone x4  
  27  2:44  Drone  
  27  2:45  Hatchery  
  27  2:54  Queen  
  27  2:56  Queen  
  31  2:59  Zergling x2  
  31  3:02  Zergling x2  
  33  3:15  Metabolic Boost  
  33  3:18  Drone x2  
  33  3:19  Drone x3  
  38  3:20  Drone  
  38  3:24  Overlord  
  39  3:29  Overlord  
  39  3:33  Overlord  
  39  3:44  Drone x5  
  44  3:48  Drone  
  44  3:51  Drone  
  44  3:52  Drone  
  47  3:58  Drone  
  48  4:03  Drone x2  
  48  4:04  Drone  
  48  4:06  Drone x2  
  53  4:11  Drone x3  
  53  4:15  Extractor  
  53  4:17  Roach Warren  
  54  4:18  Evolution Chamber  
  54  4:22  Evolution Chamber  
  52  4:27  Zergling x2  
  52  4:28  Zergling x12  
  59  4:33  Drone x3  
  59  4:34  Extractor  
  59  4:36  Drone  
  59  4:37  Drone  
  59  4:38  Drone  
  64  4:48  Extractor, Drone  
  64  4:49  Overlord x6  
  64  4:55  Zerg Missile Weapons Level 1  
  63  5:09  Zerg Ground Armor Level 1  
  63  5:11  Drone x3  
  66  5:16  Drone x4  
  66  5:17  Drone  
  66  5:18  Roach x3  
  77  5:30  Roach x3  
  77  5:31  Roach  
  77  5:32  Zergling x12  
  91  5:38  Spine Crawler  
  91  5:39  Spine Crawler  
  91  5:40  Roach x3  
  95  5:43  Roach  
  95  5:44  Roach  
  101  5:50  Roach x2  
  101  5:54  Roach  
  101  5:55  Roach x2  
  101  5:56  Overlord x2, Roach  
  106  6:05  Roach x3  
  106  6:06  Roach  
  106  6:08  Roach, Queen  
  107  6:16  Roach x3  
  105  6:24  Roach x4  
  103  6:33  Drone x3  
  103  6:39  Roach x2  
  108  6:54  Extractor  
Show
View Real Time Build Order
Export as new Build Order

Ginko Zerg 

Build Orders:  

Get SALT Encoding   

  12  0:01  Probe (Chrono Boost)  
  13  0:11  Probe (Chrono Boost)  
  14  0:23  Probe (Chrono Boost), Pylon  
  15  0:42  Probe (Chrono Boost), Gateway  
  16  0:52  Probe (Chrono Boost)  
  17  0:58  Assimilator  
  17  1:03  Probe (Chrono Boost)  
  18  1:13  Probe (Chrono Boost)  
  19  1:24  Probe (Chrono Boost)  
  20  1:29  Cybernetics Core  
  20  1:37  Nexus  
  20  1:43  Assimilator  
  21  1:50  Probe (Chrono Boost)  
  21  1:54  Pylon  
  21  2:00  Probe (Chrono Boost)  
  22  2:12  Robotics Facility  
  22  2:21  Stalker (Chrono Boost)  
  24  2:24  Probe  
  24  2:29  Warp Gate (Chrono Boost)  
  25  2:42  Gateway  
  25  2:50  Gateway  
  25  3:06  Immortal (Chrono Boost)  
  25  3:11  Probe  
  30  3:17  Adept  
  32  3:27  Probe  
  33  3:29  Probe  
  34  3:41  Observer  
  35  3:43  Probe  
  36  3:58  Gateway  
  36  4:01  Gateway  
  36  4:07  Gateway  
  36  4:08  Immortal (Chrono Boost)  
  40  4:15  Gateway  
  40  4:20  Pylon  
  40  4:23  Probe  
  40  4:29  Mothership Core  
  43  4:35  Stalker  
  45  4:47  Warp Prism (Chrono Boost)  
  45  4:51  Probe  
  47  4:58  Pylon  
  48  5:02  Probe, Pylon  
  49  5:08  Adept  
  49  5:09  Adept  
  49  5:12  Probe  
  53  5:16  Probe  
  53  5:19  Adept  
  57  5:22  Adept  
  59  5:31  Adept  
  59  5:32  Adept  
  63  5:47  Adept x3  
  69  5:55  Pylon  
  67  6:05  Zealot  
  67  6:08  Stalker  
  67  6:11  Adept x4  
  63  6:22  Adept  
  63  6:32  Immortal (Chrono Boost)  
  67  6:38  Adept x2  
  69  6:40  Stalker x2  
  69  6:52  Stalker x2  
Show
View Real Time Build Order
Export as new Build Order

Jhyrachy Protoss 

Build Orders:  

Get SALT Encoding   

Show
View Real Time Build Order
Export as new Build Order

Lihp Protoss 

Build Orders:  

Get SALT Encoding   

Tags
 
Add a new tag
Caveats
  • Supply blocks, unpowered buildings, or Contaminate may cause inaccurate times.
  • Supply counts are checked every 10 seconds.